 Dungeon Crawl Stone Soup version 0.28-a0-1629-gf728b707aa (webtiles) character file.

Game seed: 13408726376959036935

30 psuckher the Sneak (level 3, -4/29 HPs)
             Began as a Demonspawn Delver on Jan 24, 2022.
             Slain by a water moccasin skeleton (6 damage)
             ... on level 5 of the Dungeon.
             The game lasted 00:01:06 (18 turns).

psuckher the Sneak (Demonspawn Delver)                Turns: 18, Time: 00:01:07

Health: -4/29      AC:  3    Str: 14    XL:     3   Next: 3%
Magic:  3/3        EV: 11    Int: 11    God:
Gold:   0          SH:  0    Dex: 14    Spells: 2/2 levels left

rFire   . . .      SeeInvis .   a - +0 hand axe
rCold   . . .      Faith    .   (no shield)
rNeg    . . .      Spirit   .   b - +0 leather armour
rPois   .          Reflect  .   (no helmet)
rElec   .          Harm     .   (no cloak)
rCorr   .          Rampage  .   (no gloves)
Will    .....                   (no boots)
Stlth   +++.......              (no amulet)
HPRegen 0.09/turn               (no ring)
MPRegen 0.08/turn               (no ring)

@: no status effects
A: powered by pain 2
a: no special abilities


You were on level 5 of the Dungeon.
You visited 1 branch of the dungeon, and saw 1 of its levels.

Inventory:

Hand Weapons
 a - a +0 hand axe (weapon)
Armour
 b - a +0 leather armour (worn)
Wands
 g - a wand of digging (3)
 h - a wand of flame (5)
Scrolls
 c - a scroll of fog
 d - a scroll of magic mapping
 e - a scroll of fear
Potions
 f - a potion of haste


   Skills:
 + Level 3.1 Fighting
 + Level 1.8 Axes
 + Level 0.1 Armour
 + Level 1.8 Dodging
 + Level 5.2 Stealth
 + Level 0.2 Evocations


You had 2 spell levels left.
You didn't know any spells.
Your spell library was empty.

Dungeon Overview and Level Annotations

Branches:
Dungeon (5/15)
 Temple: D:4-7

Altars:


Innate Abilities, Weirdness & Mutations

You sometimes gain power by taking damage.


Message History

The hound is severely wounded.
The hound bites you. The water moccasin skeleton bites you!
* * * LOW HITPOINT WARNING * * *
Aiming: Throw Flame
Press: ? - help, Shift-Dir - straight line The puff of flame hits the hound!
You kill the hound!
The water moccasin skeleton closely misses you.
Your Stealth skill increases to level 5!
You have reached level 2!
Your demonic ancestry asserts itself...
You feel energised by your suffering.
You have reached level 3!
Your experience leads to an increase in your attributes!
Increase (S)trength, (I)ntelligence, or (D)exterity?
You feel stronger. x2; Your demonic ancestry asserts itself...
You feel even more energised by your suffering.
Aiming: Throw Flame
Press: ? - help, Shift-Dir - straight line The puff of flame hits the water moccasin skeleton.
The water moccasin skeleton is lightly damaged.
The water moccasin skeleton bites you but does no damage.
The water moccasin skeleton barely misses you.
Aiming: Throw Flame
Press: ? - help, Shift-Dir - straight line The puff of flame hits the water moccasin skeleton!
The water moccasin skeleton is heavily damaged.
The water moccasin skeleton bites you.
* * * LOW HITPOINT WARNING * * *
Aiming: Throw Flame
Press: ? - help, Shift-Dir - straight line The puff of flame hits the water moccasin skeleton!
The water moccasin skeleton is severely damaged.
The water moccasin skeleton barely misses you.
Aiming: Throw Flame
Press: ? - help, Shift-Dir - straight line The puff of flame hits the water moccasin skeleton!
The water moccasin skeleton is almost destroyed.
The water moccasin skeleton bites you.
You die...

##############....
.......>......[#
########.......#
#......## #......#
#......# #...$..#
#....†.# #....@.#
#.(.Z..# #......#
#......# [..######
.... ... ##


You could see a water moccasin skeleton.

Vanquished Creatures
  A hound (D:5)
1 creature vanquished.

Notes
Turn   | Place    | Note
-------+----------+-------------------------------------------
     0 | D:5      | psuckher the Demonspawn Delver began the quest for the Orb.
     0 | D:5      | Reached XP level 1. HP: 18/18 MP: 1/1
     2 | D:5      | Noticed a hound
    14 | D:5      | Killed a hound
    15 | D:5      | Reached skill level 5 in Stealth
    15 | D:5      | Gained mutation: You sometimes gain a little power by
                  | taking damage. [demonic ancestry]
    15 | D:5      | Reached XP level 2. HP: 3/24 MP: 2/2
    15 | D:5      | Gained mutation: You sometimes gain power by taking damage.
                  | [demonic ancestry]
    15 | D:5      | Reached XP level 3. HP: 4/29 MP: 3/3
    16 | D:5      | HP: 1/29 [water moccasin skeleton (3)]
    18 | D:5      | Slain by a water moccasin skeleton

Illustrated notes

Levels and vault maps discovered:
D:5:      layout_rooms, serial_curves, eino_curves_02, eino_curves_01

Skill      XL: |  1 |
---------------+----+-----
Stealth        | 5 |  5.2
Fighting       | |  3.1
Axes           | |  1.8
Armour         | |  0.1
Dodging        | |  1.8
Evocations     | |  0.2

Action                   || total
-------------------------++-------
Evoke: Wand              ||    10
Armor: Leather armour    ||     3
Dodge: Dodged            ||     4

Table legend: (Time is in decaauts)
 A = Elapsed time spent in this place.
 B = Non-inter-level travel time spent in this place.
 C = Inter-level travel time spent in this place.
 D = Time resting spent in this place.
 E = Time spent auto-exploring this place.
 F = Levels seen in this place.
 G = Mean time per level.
                   A        B        C        D        E       F      G
               +--------+--------+--------+--------+--------+-----+--------+
         Total |     18 |     16 |      2 |      0 |      0 |   1 |   18.0 |
       Dungeon |     18 |     16 |      2 |      0 |      0 |   1 |   18.0 |
               +--------+--------+--------+--------+--------+-----+--------+

Top non-repeatable levels by time:
     D:5: 18 daAuts
